 Dungeon Crawl Stone Soup version 0.17-a0-1667-g4ca74a1 (webtiles) character file.

58 PoeticJustice the Digger (level 3, -1/19 HPs)
             Began as a Deep Elf Earth Elementalist on Aug 17, 2015.
             Was a Believer of Lugonu.
             Slain by an adder (2 damage)
             ... on level 2 of the Dungeon.
             The game lasted 00:09:11 (1196 turns).

PoeticJustice the Digger (DEEE)                     Turns: 1196, Time: 00:09:11

Health: -1/19      AC:  2    Str:  5    XL:     3   Next: 75%
Magic:  8/9        EV: 13    Int: 20    God:    Lugonu [**....]
Gold:   140        SH:  0    Dex: 15    Spells: 2 memorised, 4 levels left

rFire  . . .     SeeInvis .     h - +0 spear
rCold  . . .     Clarity  .     b - +0 robe
rNeg   . . .     SustAt   .     (no shield)
rPois  .         Gourm    .     (no helmet)
rElec  .         Spirit   .     (no cloak)
rCorr  .         Warding  .     (no gloves)
rMut   .         Stasis   .     (no boots)
MR     .....                    (no amulet)
Stlth  ++........               (no ring)
                                (no ring)

@: not resistant to hostile enchantments, unstealthy
A: no striking features
a: Depart the Abyss, Bend Space, Renounce Religion


You were on level 2 of the Dungeon.
You worshipped Lugonu.
Lugonu was pleased with you.
You were very hungry.

You visited 1 branch of the dungeon, and saw 2 of its levels.

You collected 140 gold pieces.

Inventory:

Hand weapons
 f - a +0 dagger
 h - a +0 spear (weapon)
Missiles
 a - 48 stones (quivered)
Armour
 b - a +0 robe (worn)
Scrolls
 k - 2 scrolls of remove curse
 m - a scroll of magic mapping {unknown}
Potions
 e - a potion of mutation {unknown}
 g - a potion of invisibility {unknown}
 j - a potion of resistance {unknown}
 l - a potion of cure mutation {unknown}
Books
 c - a book of Geomancy

   Spells                             Type                      Level
   a - Sandblast                      Earth                        1
   b - Stoneskin                      Transmutation/Earth          2
   c - Passwall                       Transmutation/Earth          3
   d - Stone Arrow                    Conjuration/Earth            3
   e - Petrify                        Transmutation/Earth          4
   f - Lee's Rapid Deconstruction     Earth                        5
Comestibles
 d - 2 bread rations
 i - 2 meat rations


   Skills:
 - Level 0.4 Throwing
 - Level 2.4 Dodging
 - Level 2.4 Stealth
 - Level 3.0 Spellcasting
 + Level 0.7 Conjurations
   Level 1.1 Transmutations
 * Level 5.0 Earth Magic


You had 4 spell levels left.
You knew the following spells:

 Your Spells              Type           Power        Failure   Level  Hunger
a - Sandblast             Erth           ###...       1%          1    None
b - Stone Arrow           Conj/Erth      ##....       14%         3    ###....


Dungeon Overview and Level Annotations

Branches:
Dungeon (2/15)

Altars:
Gozag
Lugonu


Message History

Aim: an adder (heavily wounded)
You hit the adder.
The adder is almost dead.
The adder bites you.
Attack whom?
Press: ? - help, Dir - move target cursor, f/p - adder
Aim: an adder (almost dead)
You barely miss the adder.
The adder is almost dead.
The adder bites you.
* * * LOW HITPOINT WARNING * * *
The adder bites you.
* * * LOW HITPOINT WARNING * * *
Casting: Sandblast
Confirm with . or Enter, or press ? or * to list all spells.
Aiming: Sandblast
Press: ? - help, Shift-Dir - straight line, f/p - adder
Aim: an adder (almost dead)
The blast of sand misses the adder.
The adder bites you.
You die...

......###.##.# ##
#.#..##
#.##.#######....
#.#..####.##.#.......#
.................#####
.##..######..###)###
## ..# #..#.....# ...
...##.#.###
#..###.._..# #.#
###@#.# #. #$S(..# #
#. ###(### #.# #.. #).
##. ##


You could see an adder.

Vanquished Creatures
  2 adders (D:2)
  2 oozes
  A giant cockroach (D:1)
  3 hobgoblins
  A quokka (D:2)
  4 bats
  2 giant newts (D:1)
  7 goblins
  7 kobolds
  5 rats
34 creatures vanquished.

Notes
Turn   | Place    | Note
--------------------------------------------------------------
     0 | D:1      | PoeticJustice the Deep Elf Earth Elementalist began the quest for the Orb.
     0 | D:1      | Reached XP level 1. HP: 10/10 MP: 6/6
   230 | D:1      | Reached skill level 4 in Earth Magic
   230 | D:1      | Reached XP level 2. HP: 12/15 MP: 4/8
   789 | D:2      | Found a faded altar to an unknown god.
   799 | D:2      | Became a worshipper of Lugonu the Unformed
   799 | D:2      | Acquired Lugonu's first power
   799 | D:2      | Acquired Lugonu's second power
   810 | D:2      | Reached XP level 3. HP: 19/19 MP: 9/9
   821 | D:2      | Learned a level 3 spell: Stone Arrow
  1042 | D:2      | Reached skill level 5 in Earth Magic
  1163 | D:2      | Found an opulent altar of Gozag.
  1196 | D:2      | Slain by an adder

Vault maps used:
D:1:      dpeg_arrival_pond
D:2:      nicolae_overflow_hidden_temple, nicolae_ru_path_of_blood,
          ecumenical_altar_2, nicolae_gozag_cash_rules_everything_around_me

Action                   || total
-------------------------++-------
Melee: Spear             ||    50
Throw: Stone             ||    66
 Cast: Sandblast         ||    25
       Stone Arrow       ||     5
  Use: Scroll            ||     2
 Stab: Sleeping          ||     3
